 Dungeon Crawl Stone Soup version 0.18.1-50-g88ac8fd (webtiles) character file.

5712 varam the Thaumaturge (level 10, -2/60 HPs)
             Began as a Gargoyle Earth Elementalist on Oct 9, 2016.
             Was a Follower of Vehumet.
             Slain by an unseen horror (7 damage)
             ... on level 10 of the Dungeon.
             The game lasted 01:00:14 (10523 turns).

varam the Thaumaturge (GrEE)                       Turns: 10523, Time: 01:00:14

Health: -2/60      AC:  9    Str: 12    XL:     10   Next: 76%
Magic:  15/23      EV: 13    Int: 19    God:    Vehumet [*.....]
Gold:   642        SH:  0    Dex: 10    Spells: 4 memorised, 16 levels left

rFire  . . .     SeeInvis .     J - staff of conjuration
rCold  . . .     Gourm    .     a - +0 robe
rNeg   + . .     Faith    .     (no shield)
rPois  ∞         Spirit   .     (no helmet)
rElec  +         Dismiss  .     (no cloak)
rCorr  +         Reflect  .     (no gloves)
SustAt .         Harm     .     (no boots)
MR     .....                    t - amulet of magic regeneration
Stlth  ++........               O - ring of flight
                                B - ring of resist corrosion

@: not resistant to hostile enchantments, unstealthy
A: negative energy resistance 1, electricity resistance, unbreathing,
petrification resistance, rot immunity, AC +7
a: Renounce Religion, Evoke Flight


You were on level 10 of the Dungeon.
You worshipped Vehumet.
Vehumet was aware of your devotion.
You were full.

You visited 3 branches of the dungeon, and saw 12 of its levels.

You collected 642 gold pieces.

Inventory:

Hand Weapons
 e - a +0 dagger
 p - a +1 whip of venom
 z - a +3 trident
 D - a +1 dagger of speed
 H - a +0 morningstar
Missiles
 b - 179 stones (quivered)
 A - 7 javelins
 I - 2 tomahawks
 Q - 3 tomahawks of dispersal
Armour
 a - a +0 robe (worn)
 w - a +0 pair of boots
 U - a steam dragon hide
Magical Staves
 J - an uncursed staff of conjuration (weapon)
 S - an uncursed staff of cold
Jewellery
 t - an amulet of magic regeneration (around neck)
 B - a ring of resist corrosion (left hand)
 M - an uncursed ring of sustain attributes {unknown}
 O - a ring of flight (right hand)
Wands
 N - a wand of teleportation (3/9)
 T - a wand of slowing (33/48)
Scrolls
 h - a scroll of enchant armour {unknown}
 i - 2 scrolls of fear {unknown}
 j - a scroll of fog {unknown}
 l - 6 scrolls of remove curse
 n - 5 scrolls of identify
 o - 3 scrolls of enchant weapon
 v - 3 scrolls of immolation
 x - a scroll of amnesia {unknown}
 y - a scroll of random uselessness {unknown}
 C - 2 scrolls of blinking {unknown}
 E - 2 scrolls of magic mapping {unknown}
 F - a scroll of recharging {unknown}
 P - 2 scrolls of teleportation {unknown}
Potions
 f - 6 potions of curing
 g - 3 potions of brilliance {unknown}
 m - 3 potions of lignification {unknown}
 q - 3 potions of agility {unknown}
 r - a potion of heal wounds {unknown}
 s - 2 potions of degeneration {unknown}
 u - 2 potions of haste {unknown}
 G - a potion of magic {unknown}
 K - a potion of mutation {unknown}
Books
 c - a book of Geomancy

   Spells                             Type                      Level
   a - Sandblast                      Earth                        1
   b - Passwall                       Transmutation/Earth          2
   c - Stone Arrow                    Conjuration/Earth            3
   d - Petrify                        Transmutation/Earth          4
   e - Lee's Rapid Deconstruction     Earth                        5
Comestibles
 d - 6 bread rations
 k - 9 fruits
 R - 6 beef jerkies


   Skills:
 + Level 6.0 Fighting
 + Level 5.2 Maces & Flails
 + Level 5.5 Armour
 + Level 4.5 Dodging
 - Level 2.1 Stealth
 * Level 9.1 Spellcasting
 - Level 0.7 Transmutations
 + Level 8.5 Earth Magic


You had 16 spell levels left.
You knew the following spells:

 Your Spells              Type           Power        Failure   Level  Hunger
a - Sandblast             Erth           #####.       1%          1    None
b - Lee's Rapid Deconstr  Erth           #####.....   10%         5    #####..
c - Stone Arrow           Conj/Erth      #####.       4%          3    None
d - Passwall              Trmt/Erth      ####......   1%          2    None


Dungeon Overview and Level Annotations

Branches:
Dungeon (10/15)            Temple (1/1) D:5            Lair (1/8) D:8
    Orc: D:9-12

Altars:
Ashenzari
Cheibriados
Dithmenos
Elyvilon
Fedhas
Gozag
Kikubaaqudgha
Makhleb
Nemelex Xobeh
Okawaru
Pakellas
Qazlal
Ru
Sif Muna
Trog
Vehumet
Xom
Yredelemnul
Zin
The Shining One
Jiyva

Shops:
D:4 :   D:7 *

Annotations:
D:3 Iflex's ghost, amateur MfGl
D:9 exclusion: statue


Innate Abilities, Weirdness & Mutations

You are resistant to torment.
Your stone body is resilient (AC +7).
You are immune to poison.
You resist negative energy.
You are resistant to electric shocks.
You can survive without breathing.
You are immune to petrification.
You are immune to rotting.


Message History

The blast of rock fragments hits something.
Something hits you.
* * * LOW HITPOINT WARNING * * *
Eat which item? (? for menu, Esc to quit)
Something hits you but does no damage.
You continue eating.
Something completely misses you.
You continue eating.
Something hits you.
* * * LOW HITPOINT WARNING * * *
You finish eating.
That bread ration really hit the spot!
Casting: Lee's Rapid Deconstruction
Confirm with . or Enter, or press ? or * to list all spells.
Aiming: Lee's Rapid Deconstruction
Press: ? - help, Dir - move target cursor That beam is likely to hit you.
Continue anyway?
The wall shatters!
The blast of rock fragments hits something.
Something hits you!
You die...

#..# #.. #.. #..
#.# #.# # #.# #.
#@# ####.#####[#
###
........##.#...
≈≈≈≈≈≈≈.##<#.####.
≈≈≈≈≈≈≈.##........
#≈≈......####.
#≈≈.###### #≈≈.#
#≈≈.#


There were no monsters in sight!

Vanquished Creatures
  An elephant (D:7)
  A komodo dragon (Lair:1)
  Prince Ribbit (D:7)
  A yak (D:8)
  A wraith (D:9)
  A steam dragon (D:9)
  Grum (D:9)
  2 hippogriffs
  A hungry ghost (D:8)
  2 insubstantial wisps (D:9)
  A water moccasin (D:9)
  An orc warrior (D:6)
  6 sky beasts
  A phantom (D:7)
  A wasp (D:9)
  4 ogres
  3 centaurs
  4 wolves (D:9)
  2 crocodiles
  4 giant frogs
  5 scorpions
  3 crimson imps
  3 giant frog zombies
  A quasit (D:9)
  A centaur zombie (D:6)
  2 jellies (D:8)
  3 orc priests
  7 orc wizards
  4 hounds
  A centaur skeleton (D:5)
  A giant frog skeleton (D:7)
  2 iguanas (D:4)
  7 worker ants
  A sheep (D:8)
  A hound zombie (D:7)
  2 hound skeletons
  10 adders
  An ooze (D:3)
  5 worms
  3 giant geckos
  28 orcs
  2 ball pythons
  4 giant cockroaches
  5 goblins
  6 hobgoblins
  6 jackals
  3 quokkas
  6 bats
  2 giant newts
  A jackal skeleton (D:7)
  4 kobolds
  A quokka skeleton (D:7)
  A rat (D:1)
  A fungus (D:8)
172 creatures vanquished.

Vanquished Creatures (others)
  A sky beast (D:9)
1 creature vanquished.

Grand Total: 173 creatures vanquished

Notes
Turn   | Place    | Note
--------------------------------------------------------------
     0 | D:1      | varam the Gargoyle Earth Elementalist began the quest for the Orb.
     0 | D:1      | Reached XP level 1. HP: 10/10 MP: 3/3
   314 | D:1      | Reached XP level 2. HP: 8/15 MP: 0/5
   931 | D:2      | Reached XP level 3. HP: 19/19 MP: 1/7
  1139 | D:2      | Reached skill level 3 in Spellcasting
  1156 | D:2      | Learned a level 3 spell: Stone Arrow
  1565 | D:2      | Found a shadowy altar of Dithmenos.
  1619 | D:2      | Reached XP level 4. HP: 17/24 MP: 5/9
  2111 | D:3      | Noticed Iflex's ghost (amateur MfGl)
  2517 | D:3      | Reached skill level 4 in Spellcasting
  2517 | D:3      | Reached XP level 5. HP: 22/28 MP: 0/11
  3049 | D:4      | Reached skill level 5 in Earth Magic
  3111 | D:4      | Reached XP level 6. HP: 31/32 MP: 9/13
  3161 | D:4      | Found an opulent altar of Gozag.
  3220 | D:4      | Reached skill level 5 in Spellcasting
  3359 | D:5      | Entered Level 5 of the Dungeon
  3367 | D:5      | Noticed a sky beast
  4052 | D:4      | Found a blossoming altar of Fedhas.
  4161 | D:4      | Reached XP level 7. HP: 21/36 MP: 4/15
  4236 | D:4      | Found a deep blue altar of Sif Muna.
  4378 | D:4      | Found Dikhlyhie's Book Boutique.
  4535 | D:5      | Reached skill level 1 in Fighting
  4605 | D:4      | Reached skill level 6 in Spellcasting
  4683 | D:5      | Reached skill level 1 in Maces & Flails
  4777 | D:5      | Reached skill level 1 in Armour
  4828 | D:5      | Reached XP level 8. HP: 44/44 MP: 0/17
  4888 | D:5      | Found a staircase to the Ecumenical Temple.
  4917 | Temple   | Entered the Ecumenical Temple
  5041 | D:5      | Found a sparkling altar of Nemelex Xobeh.
  5629 | D:6      | HP: 2/46 [orc priest/nerve-wracking pain (9)]
  5930 | D:6      | Learned a level 5 spell: Lee's Rapid Deconstruction
  6145 | D:6      | Learned a level 2 spell: Passwall
  6490 | D:6      | Reached skill level 7 in Spellcasting
  6584 | D:7      | Noticed Prince Ribbit
  6593 | D:7      | Killed Prince Ribbit
  6593 | D:7      | Reached XP level 9. HP: 51/51 MP: 0/19
  6644 | D:7      | Found Zin's Purification Station.
  6647 | D:7      | Found a glowing silver altar of Zin.
  6827 | D:7      | Found a shattered altar of Ashenzari.
  6928 | D:7      | Found a burning altar of Makhleb.
  6929 | D:7      | Found an oddly glowing altar of Pakellas.
  6930 | D:7      | Found an opulent altar of Gozag.
  7075 | D:7      | Found a white marble altar of Elyvilon.
  7205 | D:8      | Found a basalt altar of Yredelemnul.
  7238 | D:8      | Noticed an elephant
  7239 | D:8      | Found a staircase to the Lair.
  7345 | D:9      | Found a shattered altar of Ashenzari.
  7893 | D:9      | Reached skill level 8 in Spellcasting
  8365 | D:9      | Reached skill level 5 in Fighting
  8365 | D:9      | Reached XP level 10. HP: 32/59 MP: 13/22
  8701 | D:9      | Found a sacrificial altar of Ru.
  8726 | D:9      | Found a radiant altar of Vehumet.
  8735 | D:9      | Became a worshipper of Vehumet
  8949 | D:9      | Noticed Grum
  8976 | D:9      | Killed Grum
  9241 | D:7      | Killed an elephant
  9241 | D:7      | Reached skill level 5 in Armour
  9836 | D:8      | Found a burning altar of Makhleb.
  9836 | D:8      | Noticed a green death
  9852 | D:8      | Reached skill level 5 in Maces & Flails
  9852 | D:8      | Reached skill level 9 in Spellcasting
  9965 | Lair:1   | Entered Level 1 of the Lair of Beasts
 10309 | D:10     | Entered Level 10 of the Dungeon
 10330 | D:10     | Reached * piety under Vehumet
 10330 | D:10     | Offered knowledge of Freeze by Vehumet.
 10523 | D:10     | Slain by an unseen horror

Skill      XL: |  1  2  3  4  5  6  7  8  9 10 |
---------------+-------------------------------+-----
Earth Magic    | 4 5 6 7 8 |  8.5
Spellcasting   | 3 4 5 6 7 8 9 |  9.1
Fighting       | 2 3 5 6 |  6.0
Maces & Flails | 1 2 4 5 |  5.2
Dodging        | 2 3 4 |  4.5
Armour         | 1 3 4 5 |  5.5
Stealth        | |  2.1
Transmutations | |  0.7

Action                   |  1- 3 |  4- 6 |  7- 9 | 10-12 || total
-------------------------+-------+-------+-------+-------++-------
Melee: Dagger            |     9 |       |       |       ||     9
       Whip              |     6 |    14 |    35 |    28 ||    83
       Staff             |       |       |     7 |     2 ||     9
Throw: Stone             |       |     1 |     2 |       ||     3
 Cast: Sandblast         |    44 |    47 |    69 |    19 ||   179
       Stone Arrow       |     2 |    27 |   128 |    86 ||   243
       Passwall          |       |       |     2 |       ||     2
       Lee's Rapid Decon |       |       |       |     4 ||     4
  Use: Scroll            |       |     1 |     3 |       ||     4
       Potion            |       |       |     1 |       ||     1
 Stab: Sleeping          |       |     1 |     1 |       ||     2
  Eat: Chunk             |     3 |     8 |     9 |     2 ||    22
       Pizza             |       |     1 |     1 |       ||     2
       Meat ration       |       |       |     1 |       ||     1
       Bread ration      |       |       |       |     2 ||     2
       Royal jelly       |       |       |       |     1 ||     1
Armor: Robe              |    16 |    10 |    44 |    39 ||   109
Dodge: Dodged            |    24 |    21 |    94 |    65 ||   204
